 Dungeon Crawl Stone Soup version 0.32-a0-20-ge526923d97 (webtiles) character file.

Game seed: 5627672709900228201

110912 jasper the Brawler (level 16, -3/141 HPs)
             Began as a Green Draconian Cinder Acolyte on Jan 17, 2024.
             Was an Elder of Okawaru.
             Slain by Donald
             ... wielding a +2 vampiric demon trident
              (40 damage)
             ... on level 2 of the Snake Pit.
             The game lasted 00:55:54 (31641 turns).

jasper the Brawler (DrCA)                          Turns: 31641, Time: 00:55:55

Health: -3/141     AC: 32    Str: 19    XL:     16   Next: 8%
Magic:  9/18       EV: 18    Int: 21    God:    Okawaru [****..]
Gold:   516        SH: 13    Dex: 14    Spells: 6/17 levels left

rFire   . .          .
                       - Unarmed
rCold   + . .        t - +2 kite shield {AC+3}
rNeg    + . .        (body armour unavailable)
rPois   +            (helmet restricted)
rElec   .            U - +1 cloak of the Vestibule of Hell {+Inv Str+2 Int+6}
rCorr   .            P - +2 pair of gloves {hurl}
SInv    .            R - +3 pair of mountain boots {steadfast, rC+}
Will    +....        q - amulet of regeneration
Stlth   +++          j - ring of positive energy
HPRegen 1.23/turn    c - +4 ring of protection
MPRegen 0.16/turn

%: no passive effects
@: lethally poisoned (-3 -> -3), ice-armoured, maw-form, heroic, fire
susceptible
A: devouring maw, breathe noxious fumes, AC +9, unfitting armour, stinger 1,
poison resistance, cold-blooded
a: Breathe Noxious Fumes, Begin Untransformation, Renounce Religion, Evoke
Invisibility, Heroism, Finesse


You were on level 2 of the Snake Pit.
You worshipped Okawaru.
Okawaru was greatly pleased with you.
You were a creature with a mouth for a stomach.
You visited 4 branches of the dungeon, and saw 24 of its levels.
You visited 1 bazaar.
You also visited: Sewer.

You collected 2422 gold pieces.
You spent 1906 gold pieces at shops.

Inventory:

Missiles
 l - 6 silver javelins
 w - 8 throwing nets
 Q - 3 javelins
 S - 25 boomerangs
Armour
 t - a +2 kite shield of protection (worn)
 v - a +1 buckler
 K - the +0 pair of boots of Noughts and Crosses {rPois Will+ Str-4 Int+3}
   (You found it on level 10 of the Dungeon)

   Str-4:     It affects your strength (-4).
   Int+3:     It affects your intelligence (+3).
   rPois:     It protects you from poison Will+: It increases your willpower.
 P - a +2 pair of gloves of hurling (worn)
 R - the +3 pair of mountain boots (worn) {steadfast, rC+}
   (You bought it in a shop in a bazaar)

   Steadfast: It prevents involuntary movement, except for blinking,
   teleportation, or banishment.
   rC+:       It protects you from cold.
 U - the +1 cloak of the Vestibule of Hell (worn) {+Inv Str+2 Int+6}
   (You bought it in a shop on level 2 of the Orcish Mines)

   Str+2:     It affects your strength (+2).
   Int+6:     It affects your intelligence (+6).
   +Inv:      It lets you turn invisible.
Jewellery
 c - a +4 ring of protection (right hand)
 j - a ring of positive energy (left hand)
 q - an amulet of regeneration (around neck)
 r - a ring of see invisible
 y - an amulet of reflection
 N - a ring of positive energy
 Z - a ring of flight
Talismans
 T - a maw talisman (active)
Wands
 g - a wand of flame (32)
 h - a wand of paralysis (27)
 z - a wand of iceblast (11)
 G - a wand of polymorph (14)
Scrolls
 b - 5 scrolls of fear
 n - 3 scrolls of brand weapon
 o - 2 scrolls of revelation
 A - 2 scrolls of fog
 B - 4 scrolls of immolation
 C - 9 scrolls of teleportation
 H - 3 scrolls of enchant weapon
 M - a scroll of silence
 O - a scroll of blinking
 V - a scroll of poison
 W - 6 scrolls of identify
 X - a scroll of amnesia
 Y - a scroll of torment
Potions
 a - 4 potions of might
 d - 11 potions of curing
 e - 7 potions of berserk rage
 f - 2 potions of invisibility
 i - 2 potions of heal wounds
 k - 5 potions of enlightenment
 p - 3 potions of ambrosia
 s - 3 potions of magic
 u - 3 potions of mutation
 x - 3 potions of attraction
 D - 3 potions of cancellation
 F - 3 potions of haste
 I - 6 potions of brilliance
 J - 4 potions of lignification
Miscellaneous
 m - a phantom mirror


   Skills:
 + Level 12.5(17.5) Fighting
 + Level 10.3(15.3) Dodging
 - Level 4.0(9.0) Shields
 * Level 15.5(20.5) Unarmed Combat
 - Level 1.0 Spellcasting
 - Level 9.0 Necromancy
 - Level 3.0 Fire Magic
 - Level 6.0 Ice Magic
 - Level 6.0 Air Magic
 - Level 9.0 Earth Magic
 - Level 3.5 Invocations
 - Level 5.0 Evocations
 + Level 10.3 Shapeshifting


You had 6 spell levels left.
You knew the following spells:

 Your Spells              Type           Power      Damage    Failure   Level
a - Swiftness             Air            26%        N/A       9%          3
b - Ozocubu's Armour      Ice            26%        N/A       9%          3
c - Borgnjor's Vile Clut  Necr/Erth      19%        N/A       22%         5

Your spell library contained the following spells:

 Spells                   Type           Power      Damage    Failure   Level
 Shock                    Conj/Air       52%        1d6       10%         1
 Scorch                   Fire           26%        2d6       14%         2
 Stone Arrow              Conj/Erth      38%        3d9       16%         3
 Airstrike                Air            13%        2d(2-18)  28%         4
 Anguish                  Hex/Necr       9%         N/A       45%         4
 Vhi's Electric Charge    Tloc/Air       26%        N/A       67%         4
 Arcjolt                  Conj/Air       6%         1d16      95%         5
 Metabolic Englaciation   Hex/Ice        6%         N/A       95%         5
 Cause Fear               Hex            0%         N/A       97%         4
 Fireball                 Conj/Fire      3%         3d4       99%         5
 Eringya's Noxious Bog    Alch           0%         4d6       100%        6
 Plasma Beam              Fire/Air       9%         2x1d20    100%        6
 Enfeeble                 Hex            0%         N/A       100%        7
 Lehudib's Crystal Spear  Conj/Erth      9%         10d4      100%        8
 Animate Dead             Necr           Unusable   N/A       N/A         4
 Animate Armour           Summ/Erth      Unusable   N/A       N/A         4
 Death Channel            Necr           Unusable   N/A       N/A         6
 Summon Forest            Summ/Tloc      Unusable   N/A       N/A         5
 Sculpt Simulacrum        Ice/Alch       Unusable   N/A       N/A         6
 Summon Hydra             Summ           Unusable   N/A       N/A         7
 Dragon's Call            Summ           Unusable   N/A       N/A         9

Dungeon Overview and Level Annotations

Branches:
Dungeon (15/15)            Temple (0/1) D:6            Lair (5/5) D:11
 Shoals (0/4) Lair:2        Snake (2/4) Lair:3        Slime (0/5) Lair:5
    Orc (2/2) D:12            Elf (0/3) Orc:2        Vaults (0/5) D:13
 Depths (0/4) D:15          Sewer (visited)

Altars:
Ashenzari
Elyvilon
Gozag
Hepliaklqana
Kikubaaqudgha
Makhleb
Nemelex Xobeh
Okawaru
Ru
Trog
Uskayaw
Vehumet
Wu Jian
Jiyva

Shops:
D:3 *   D:14 *   Orc:2 [(([   Snake:1 *

Portals:
Trove: D:14 (give horn of Geryon)

Annotations:
D:6 exclusion: oklob sapling
Lair:3 exclusion: 2 oklob plants
Snake:2 Donald


Innate Abilities, Weirdness & Mutations

You are a creature with a mouth for a stomach.
Your midsection houses a second, enormous mouth.
You can breathe blasts of noxious fumes.
Your lurid green scales are hard. (AC +9)
You cannot fit into any form of body armour.
Your tail ends in a venomous barb.
Your system is resistant to poisons. (rPois)
You are cold-blooded and may be slowed by cold attacks.


Message History

Donald is moderately wounded.
You feel sick. Donald completely misses you. You block the naga's attack.
The naga grabs you. The naga constricts you. You block the naga's attack.
You take 3 damage, and have 92/141 hp.
Okay, then.
Casting: Borgnjor's Vile Clutch (dangerous; 22% risk of failure)
Confirm with . or Enter, or press ? or * to list all spells.
A film of ice covers your body!
You feel sick.
Donald hits you with a +2 vampiric demon trident!
Donald draws strength from your wounds! The naga loses its grip on you.
You block the naga's attack.
Donald hits you with a +2 vampiric demon trident!!
You take 33 damage, and have 59/141 hp.
MASSIVE DAMAGE!!
You now have 14/18 mp.
You pummel the naga!! You tail-slap the naga.
You kill the naga!
Okawaru accepts your kill.
You feel sick. You block Donald's attack. The naga spits poison at you.
You block the splash of poison. Donald blocks your attack.
You bite Donald, but do no damage.
Donald is moderately wounded.
You feel sick. Donald completely misses you.
You pummel Donald!! You tail-slap Donald, but do no damage.
Donald is heavily wounded.
You feel sick. The naga completely misses you.
Donald hits you with a +2 vampiric demon trident!!
* * * LOW HITPOINT WARNING * * *
You take 22 damage, and have 37/141 hp.
Casting: Ozocubu's Armour (mildly dangerous; 9% risk of failure)
Confirm with . or Enter, or press ? or * to list all spells.
Aiming: Borgnjor's Vile Clutch (dangerous; 22% risk of failure)
Press: ? - help, Shift-Dir - straight line, f - Donald
Aim: Donald, wielding a +2 vampiric demon trident, wearing a +1 chain mail of positive energy and wearing a +0 kite shield of reflection (heavily wounded, fast, strong, reflecting blocked projectiles, 100% to hit)
Zombie hands grab Donald.
The zombie hands constrict Donald, but do no damage.
You feel sick.
Donald says, "I don't get what's so special about the number twenty-seven."
Donald hits you with a +2 vampiric demon trident!!!
You die...
Donald says, "Well, maybe you weren't so bad after all."

.# ##.### ...#.#
#....# ..
###....###
...##........###
......@..#......
.....N.W..#....#
.......)<.......
....#..##......#
....... ##.....
....... ###.
....... .......
.......


You could see Donald (fast, strong, clutched, reflecting) and a naga (catching
breath).

Vanquished Creatures
  Rupert (Orc:2)
  An orc warlord (Orc:2)
  2 dire elephants
  Snorg (D:10)
  Harold (D:11)
  7 vault guards
  3 two-headed ogres (D:9)
  A death knight (D:15)
  7 hydras
  6 centaur warriors
  A catoblepas (Lair:3)
  A merfolk avatar (Lair:5)
  4 anacondas
  A death yak (Lair:4)
  2 naga warriors (Snake:1)
  An orc high priest (Orc:2)
  A shock serpent (Snake:1)
  3 naga sharpshooters (Snake:1)
  A skeletal warrior (D:14)
  Amaemon (D:10)
  4 skysharks
  Pikel (D:7)
  3 mana vipers (Snake:1)
  A naga ritualist (Snake:1)
  13 ugly things
  4 orc knights
  A wolf spider (D:14)
  2 orc sorcerers
  3 manticores
  5 cyclopes
  2 meliai (shapeshifter) (D:14)
  A guardian serpent (Snake:1)
  15 elephants
  An orange demon (D:10)
  3 naga magi (Snake:1)
  17 black mambas
  A water nymph (Lair:2)
  8 kobold blastminers
  A torpor snail (Lair:2)
  15 cane toads
  3 kobold demonologists
  6 unseen horrors
  5 komodo dragons
  5 rime drakes
  2 freezing wraiths (D:14)
  A guardian mummy (D:14)
  2 tengu conjurers (D:14)
  6 trolls
  A polar bear (Lair:5)
  Grinder (D:3)
  A queen bee (shapeshifter) (D:14)
  2 hornets (D:9)
  5 dream sheep
  A snapping turtle (Lair:4)
  4 blink frogs (Lair:3)
  2 centaur simulacra (D:15)
  25 slime creatures
  4 shadows
  A yak (shapeshifter) (D:13)
  A vampire (D:12)
  5 wraiths
  12 wyverns
  7 fire elementals
  9 steam dragons
  67 yaks
  3 basilisks
  6 vampire mosquitoes (D:12)
  A redback (shapeshifter) (D:14)
  Grum (D:10)
  6 wargs
  An acid dragon (D:12)
  13 nagas
  11 water moccasins
  A black bear (D:5)
  40 orc warriors
  2 ice beasts
  8 ogres
  15 wolves
  18 centaurs
  A phantom (D:6)
  2 lemures (D:7)
  2 kobold brigands (D:9)
  10 bullfrogs
  A scorpion (shapeshifter) (D:14)
  14 wights
  9 killer bees
  8 howler monkeys
  4 electric eels
  3 bombardier beetles
  20 orc priests
  3 hounds
  A jelly (D:6)
  2 gnoll boudas
  3 iguanas
  34 orc wizards
  4 hell rats
  8 gnolls
  11 adders
  2 white imps (D:6)
  9 dart slugs
  2 ribbon worms
  93 orcs
  13 ball pythons
  17 endoplasms
  8 giant cockroaches
  7 goblins
  9 hobgoblins
  4 quokkas
  6 bats
  14 frilled lizards
  21 kobolds
  13 rats
  A butterfly (Lair:2)
810 creatures vanquished.

Vanquished Creatures (others)
  A killer bee (D:9)
  A butterfly (D:8)
2 creatures vanquished.

Grand Total: 812 creatures vanquished

Notes
Turn   | Place    | Note
-------+----------+-------------------------------------------
     0 | D:1      | jasper the Draconian Cinder Acolyte began the quest for the
                  | Orb.
     0 | D:1      | Reached XP level 1. HP: 19/19 MP: 2/2
   233 | D:1      | Reached XP level 2. HP: 26/26 MP: 3/3
  1188 | D:1      | Reached skill level 1 in Dodging
  1242 | D:2      | Reached XP level 3. HP: 33/33 MP: 4/4
  1882 | D:2      | Reached skill level 4 in Unarmed Combat
  1882 | D:2      | Reached XP level 4. HP: 40/40 MP: 5/5
  1930 | D:3      | Found an ancient bone altar of Kikubaaqudgha.
  1944 | D:3      | Noticed an ogre
  1950 | D:3      | Killed an ogre
  1951 | D:3      | Reached XP level 5. HP: 43/46 MP: 6/6
  2056 | D:3      | You fall into a shaft and drop 2 floors!
  2056 | D:5      | Entered Level 5 of the Dungeon
  2121 | D:5      | Found a burning altar of Makhleb.
  2213 | D:5      | Reached skill level 5 in Unarmed Combat
  2235 | D:5      | Found a broken altar of Ashenzari.
  2265 | D:5      | Reached XP level 6. HP: 26/53 MP: 7/7
  2659 | D:4      | Found a glowing drain.
  2676 | D:4      | Reached skill level 5 in Fighting
  2706 | Sewer    | Entered a sewer
  3050 | Sewer    | Reached skill level 6 in Unarmed Combat
  3138 | Sewer    | Your scales start taking on a lurid green colour.
  3138 | Sewer    | Reached XP level 7. HP: 51/61 MP: 8/8
  3138 | Sewer    | Gained mutation: Your system is resistant to poisons.
                  | (rPois) [Green Draconian growth]
  3408 | D:4      | Found a bloodstained altar of Trog.
  3420 | D:4      | Found a hazy altar of Hepliaklqana.
  3532 | D:4      | Found a sparkling altar of Nemelex Xobeh.
  3813 | D:3      | Found Fupofiem's Assorted Antiques.
  3819 | D:3      | Bought a pair of glowing gloves for 172 gold pieces
  3819 | D:3      | Bought a dark potion for 20 gold pieces
  3819 | D:3      | Bought a scroll labelled DINU ZEKAERHU for 23 gold pieces
  3899 | D:3      | Found a faded altar of an unknown god.
  3983 | D:3      | Noticed Grinder
  3990 | D:3      | Paralysed by Grinder for 2 turns
  3996 | D:3      | Killed Grinder
  4420 | D:3      | Reached skill level 7 in Unarmed Combat
  4835 | D:5      | Found a hide-covered altar of Uskayaw.
  5025 | D:6      | Noticed a yak
  5025 | D:6      | Noticed a yak
  5025 | D:6      | Noticed a yak
  5026 | D:6      | Noticed a yak
  5032 | D:6      | Killed a yak
  5033 | D:6      | Reached XP level 8. HP: 70/70 MP: 5/9
  5046 | D:6      | Reached skill level 8 in Unarmed Combat
  5215 | D:6      | Reached skill level 1 in Evocations
  5312 | D:6      | Noticed an unseen horror
  5326 | D:6      | Killed an unseen horror
  5430 | D:6      | Reached XP level 9. HP: 78/78 MP: 6/10
  5546 | D:6      | Found a staircase to the Ecumenical Temple.
  5639 | D:6      | Reached skill level 5 in Evocations
  6415 | D:7      | Reached skill level 5 in Dodging
  6651 | D:7      | Reached skill level 9 in Unarmed Combat
  6863 | D:7      | Noticed Pikel
  6895 | D:7      | Killed Pikel
  7140 | D:7      | Found a sacrificial altar of Ru.
  7660 | D:8      | Found a white marble altar of Elyvilon.
  7760 | D:8      | Reached skill level 10 in Unarmed Combat
  7763 | D:8      | Reached XP level 10. HP: 65/88 MP: 2/11
  8898 | D:8      | Learned a level 3 spell: Swiftness
  8902 | D:8      | Learned a level 3 spell: Ozocubu's Armour
  9193 | D:9      | Reached skill level 11 in Unarmed Combat
  9344 | D:9      | Noticed a two-headed ogre
  9371 | D:9      | Killed a two-headed ogre
  9402 | D:9      | Reached XP level 11. HP: 64/97 MP: 0/12
  9536 | D:9      | Reached skill level 12 in Unarmed Combat
  9639 | D:9      | Found an opulent altar of Gozag.
  9716 | D:9      | Noticed a two-headed ogre
  9730 | D:9      | Killed a two-headed ogre
  9977 | D:9      | Reached skill level 10 in Fighting
  9989 | D:9      | Reached skill level 1 in Ice Magic
  9989 | D:9      | Reached skill level 1 in Air Magic
 10657 | D:9      | Noticed a cyan ugly thing
 10665 | D:9      | Noticed a two-headed ogre
 10668 | D:9      | Killed a cyan ugly thing
 10672 | D:9      | Killed a two-headed ogre
 10689 | D:9      | HP: 3/99 [very large slime creature (24)]
 11102 | D:10     | Entered Level 10 of the Dungeon
 11295 | D:10     | Reached skill level 5 in Ice Magic
 11295 | D:10     | Reached skill level 5 in Air Magic
 11447 | D:10     | Noticed Snorg
 11462 | D:10     | Killed Snorg
 11581 | D:10     | Noticed Amaemon
 11610 | D:10     | Killed Amaemon
 11820 | D:10     | Noticed Grum
 11834 | D:10     | Killed Grum
 12001 | D:10     | Reached XP level 12. HP: 106/106 MP: 8/13
 12089 | D:10     | Identified the +0 pair of boots of Noughts and Crosses
                  | {rPois Will+ Str-4 Int+3}
 12265 | D:10     | Found an iron altar of Okawaru.
 12271 | D:10     | Found a radiant altar of Vehumet.
 13401 | D:11     | Found a staircase to the Lair.
 13585 | D:11     | Identified the +3 plate armour of the Camelopard {rC+ Int-3
                  | Dex+4 SInv}
 14071 | D:11     | Noticed Harold
 14089 | D:11     | Killed Harold
 14427 | Lair:1   | Entered Level 1 of the Lair of Beasts
 14451 | D:11     | Reached skill level 13 in Unarmed Combat
 16164 | Lair:2   | Noticed a six-headed hydra
 16173 | Lair:2   | Killed a six-headed hydra
 16767 | Lair:2   | Reached skill level 14 in Unarmed Combat
 16894 | Lair:2   | Found a staircase to the Shoals.
 17491 | Lair:3   | Reached XP level 13. HP: 94/116 MP: 0/14
 17738 | Lair:3   | Found a staircase to the Snake Pit.
 18412 | Lair:3   | Reached skill level 10 in Dodging
 19028 | Lair:3   | Reached skill level 15 in Unarmed Combat
 19034 | Lair:3   | Learned a level 5 spell: Borgnjor's Vile Clutch
 19111 | Lair:4   | Identified the +6 whip of Lucamy {flame, rC- Dex+4}
 19134 | Lair:4   | Reached skill level 1 in Necromancy
 19134 | Lair:4   | Reached skill level 1 in Earth Magic
 20205 | Lair:5   | Entered Level 5 of the Lair of Beasts
 20523 | D:12     | Found a staircase to the Orcish Mines.
 21139 | D:12     | Reached skill level 5 in Necromancy
 21139 | D:12     | Reached skill level 5 in Earth Magic
 21572 | Orc:1    | Entered Level 1 of the Orcish Mines
 21905 | Orc:2    | Entered Level 2 of the Orcish Mines
 21918 | Orc:2    | Found a flickering gateway to a bazaar.
 21940 | Bazaar   | Entered a bazaar
 21943 | Bazaar   | Found Qekesaad's Antique Armour Shoppe.
 21946 | Bazaar   | Found Ongesmy's Jewellery Emporium.
 21948 | Bazaar   | Noticed an ophan
 21951 | Bazaar   | Found Getuybrad's Assorted Antiques.
 21951 | Bazaar   | Found Luntyn's Armour Emporium.
 22121 | Bazaar   | Bought the +3 pair of mountain boots {steadfast, rC+} for
                  | 368 gold pieces
 22121 | Bazaar   | Found the +3 pair of mountain boots {steadfast, rC+}
 22138 | Bazaar   | Bought a scroll of teleportation for 57 gold pieces
 22138 | Bazaar   | Bought a scroll of blinking for 142 gold pieces
 22144 | Bazaar   | Bought a +4 ring of protection for 252 gold pieces
 22152 | Bazaar   | Bought a scroll of immolation for 76 gold pieces
 22152 | Bazaar   | Bought a potion of enlightenment for 95 gold pieces
 22409 | Orc:2    | Gained mutation: Your tail ends in a venomous barb. [Green
                  | Draconian growth]
 22409 | Orc:2    | Reached XP level 14. HP: 96/126 MP: 15/15
 22556 | Orc:2    | Noticed Rupert
 22558 | Orc:2    | Paralysed by Rupert for 3 turns
 22584 | Orc:2    | Killed Rupert
 22769 | Orc:2    | Found a staircase to the Elven Halls.
 23057 | Orc:2    | Noticed an orc warlord
 23104 | Orc:2    | Killed an orc warlord
 23198 | Orc:2    | Found Garur's Antique Armour Shoppe.
 23320 | Orc:2    | Found Zareujuxt's Weapon Shop.
 23370 | Orc:2    | Found Esyerros's Antique Weapon Emporium.
 23372 | Orc:2    | Found Netej's Antique Armour Shoppe.
 23385 | Orc:2    | Bought a jewelled cloak for 266 gold pieces
 23385 | Orc:2    | Identified the +1 cloak of the Vestibule of Hell {+Inv
                  | Str+2 Int+6} (You bought it in a shop on level 2 of the
                  | Orcish Mines)
 23728 | Orc:2    | Identified the +9 flail "Pendulum" {speed, *Noise Int+3
                  | Dex+6}
 25236 | Lair:5   | Identified the staff of Rotoul {rF+ rN+ Necro}
 25271 | Lair:5   | Reached skill level 1 in Shapeshifting
 25436 | Lair:5   | Found a viscous altar of Jiyva.
 25445 | Lair:5   | Found a staircase to the Slime Pits.
 25931 | Lair:5   | Reached skill level 5 in Shapeshifting
 26839 | D:13     | Reached XP level 15. HP: 36/132 MP: 7/16
 27059 | D:13     | Found a gate to the Vaults.
 27836 | D:14     | Found Wampo's Assorted Antiques.
 27843 | D:14     | Identified the +2 mace "Demonslayer" {drain, rC- Dex+5
                  | SInv}
 27847 | D:14     | Bought 2 potions of curing for 174 gold pieces
 27847 | D:14     | Bought a glowing granite ring for 145 gold pieces
 27847 | D:14     | Bought a scroll of immolation for 116 gold pieces
 27923 | D:14     | Identified the +4 buckler of the Elven Halls {^Contam
                  | Regen+ Str-3 Int+8}
 28088 | D:14     | Found a portal to a secret trove of treasure.
 28168 | D:14     | Found an iron altar of Okawaru.
 28203 | D:14     | Fell from the grace of Ignis
 28203 | D:14     | Became a worshipper of Warmaster Okawaru
 28313 | D:15     | Entered Level 15 of the Dungeon
 28924 | D:15     | Found a staircase to the Depths.
 29020 | D:14     | Reached * piety under Okawaru
 29112 | D:14     | Reached skill level 10 in Shapeshifting
 29212 | D:14     | Reached skill level 1 in Shields
 29488 | D:14     | Reached ** piety under Okawaru
 29736 | D:15     | Reached skill level 1 in Invocations
 29930 | D:15     | Found an ornate altar of the Wu Jian Council.
 30266 | Snake:1  | Entered Level 1 of the Snake Pit
 30394 | Snake:1  | Found Wiwibrae's Gadget Gallery.
 30527 | Snake:1  | Reached *** piety under Okawaru
 30861 | Snake:1  | Reached **** piety under Okawaru
 30950 | Snake:1  | Reached XP level 16. HP: 116/141 MP: 12/18
 31447 | Snake:2  | Noticed Donald
 31641 | Snake:2  | Slain by Donald

Illustrated notes

Levels and vault maps discovered:
D:1:      nzn_arrival_water_spiral, layout_basic
D:2:      layout_loops_cross
D:3:      layout_basic, mainiacjoe_overflow_paths,
          shapermc_ecumenical_altar_mp_urbaneastern, serial_shops,
          nicolae_shop_pleasant_corner_grove,
          wander_ebering_terrifying_dragon_lair, uniq_grinder
D:4:      layout_rooms, mainiacjoe_overflow_boulevard, lemuel_crystal_altar,
          nemelex_dance_club_becter, portal_sewer_entry_c,
          minmay_strange_pillars
D:5:      layout_basic, cheibrodos_ashenzari_chains, lemuel_doored_altar,
          mainiacjoe_overflow_alcove_1
D:6:      layout_basic, minmay_temple_entry_oklob,
          corexii_item_surrounded_by_moat, grunt_ministairs_9, hex_medium
D:7:      layout_rooms, nicolae_ru_great_annihilating_truth, fountainhead,
          nicolae_eternal_life, kennysheep_flooded_box,
          nicolae_concentric_dashed_squares_mild, uniq_pikel
D:8:      cheibrodos_steamvent, layout_layer_cave,
          nicolae_elyvilon_peaceful_grove
D:9:      minmay_s_stair_smasher, layout_loops_ring,
          mainiacjoe_overflow_alcove_2
D:10:     layout_grid_maze, grunt_temple_overflow_open, uniq_amaemon, uniq_grum,
          uniq_snorg
D:11:     layout_loops_ring, erik_lair_orcish_takeover, uniq_harold
D:12:     layout_cave_pools, minmay_orc_entry_temple_small
D:13:     layout_basic, erik_vaults_2
D:14:     layout_roguey, hellmonk_okawaru_the_only_friend_you_need,
          serial_shops, nicolae_shop_dealshenge,
          nicolae_trove_entry_path_of_doom
D:15:     hangedman_depths_entry_try_elsewhere_first, layout_cave_pools,
          nzn_wu_jian_contemplation
Lair:1:   layout_cave_pods, dreamdust_gnoll_shepherd, infiniplex_staircase_pool,
          grunt_megastairs_2
Lair:2:   layout_long_grid, nicolae_shoals_entry_flooding, lemuel_fruit_fields
Lair:3:   minmay_lair_oklob_chamber, layout_chaotic_city, dummy_snake_entry
Lair:4:   layout_gridlike, beast_lair_carwin_2
Lair:5:   gammafunk_lair_ancient_temple, layout_misc_corridors, slime_entry_1,
          serial_bayou_shore_b
Snake:1:  layout_misc_corridors, nicolae_shop_gadgets
Snake:2:  layout_layer_cave, beargit_elvish_explorers, uniq_donald
Orc:1:    layout_caves, mumra_transporter_accident
Orc:2:    grunt_orc_community_town_hall, layout_diamond_mine,
          grunt_orc_community_big_house_1, grunt_orc_community_big_house_2,
          grunt_orc_community_house_2, grunt_orc_community_house_2,
          grunt_orc_community_house_2, grunt_orc_community_house_3,
          serial_shops, bzr_in_the_mist, nicolae_orc_found_a_spring,
          nooodl_orcs_dogs, uniq_rupert

Skill      XL: |  1  2  3  4  5  6  7  8  9 10 11 12 13 14 15 |
---------------+----------------------------------------------+-----
Dodging        | 1 2 3 4 6 7 8 9 10 | 10.3
Unarmed Combat | 4 5 6 7 8 10 11 12 14 15 | 15.5
Fighting       | 4 5 6 8 9 10 11 12 | 12.5
Evocations     | 4 5 |  5.0
Ice Magic      | 6 |  6.0
Air Magic      | 6 |  6.0
Necromancy     | 5 9 |  9.0
Earth Magic    | 5 9 |  9.0
Shapeshifting  | 6 10 | 10.3
Shields        | 4 |  4.0
Invocations    | 3 |  3.5
Spellcasting   | |  1.0
Fire Magic     | |  3.0

Action                     |  1- 3 |  4- 6 |  7- 9 | 10-12 | 13-15 | 16-18 || total
---------------------------+-------+-------+-------+-------+-------+-------++-------
  Melee: Unarmed           |   128 |   231 |   227 |   698 |  1766 |    62 ||  3112
         Tailslap          |    17 |    17 |    29 |   115 |   390 |    10 ||   578
         Punch             |     3 |     4 |    13 |    75 |   141 |       ||   236
         Maw               |       |       |       |       |    95 |    22 ||   117
  Throw: Stone             |       |     1 |       |     4 |    18 |       ||    23
   Cast: Ozocubu's Armour  |       |       |       |    14 |    28 |     1 ||    43
         Borgnjor's Vile C |       |       |       |       |    38 |     2 ||    40
 Invoke: Fiery Armour      |     1 |     1 |     1 |     2 |       |       ||     5
         Heroism           |       |       |       |       |     1 |     2 ||     3
Ability: Breathe Noxious F |       |       |    16 |    32 |    44 |     1 ||    93
  Evoke: Wand              |       |       |     5 |     9 |     8 |       ||    22
    Use: Scroll            |       |     6 |     7 |    10 |    12 |       ||    35
         Potion            |       |       |       |     3 |     4 |       ||     7
   Stab: Confused          |       |       |    11 |    28 |    25 |       ||    64
         Paralysed         |       |       |       |       |    11 |       ||    11
         Distracted        |       |       |       |       |     1 |       ||     1
 Armour: Skin              |    68 |   122 |   111 |   430 |  1485 |    70 ||  2286
  Dodge: Dodged            |    56 |   137 |   123 |   429 |  1422 |    37 ||  2204
  Block: Other             |       |       |    34 |   112 |       |       ||   146
         Reflection        |       |       |     5 |     1 |       |       ||     6
         Buckler           |       |       |       |       |   100 |       ||   100
         Kite shield       |       |       |       |       |    37 |    58 ||    95
   Form: Maw               |       |       |       |       |     1 |       ||     1

Table legend: (Time is in decaauts)
 A = Elapsed time spent in this place.
 B = Non-inter-level travel time spent in this place.
 C = Inter-level travel time spent in this place.
 D = Time resting spent in this place.
 E = Time spent auto-exploring this place.
 F = Levels seen in this place.
 G = Mean time per level.
                   A        B        C        D        E       F      G
               +--------+--------+--------+--------+--------+-----+--------+
         Total |  31196 |  29709 |   1487 |   3674 |  20131 |  26 | 1199.8 |
       Dungeon |  19048 |  18268 |    780 |   1745 |  13237 |  15 | 1269.9 |
          Lair |   7704 |   7273 |    431 |   1515 |   4497 |   5 | 1540.8 |
     Snake Pit |   1337 |   1303 |     34 |    287 |    623 |   2 |  668.5 |
  Orcish Mines |   2317 |   2077 |    240 |    127 |   1371 |   2 | 1158.5 |
        Bazaar |    259 |    259 |      0 |      0 |    191 |   1 |  259.0 |
         Sewer |    529 |    529 |      0 |      0 |    210 |   1 |  529.0 |
               +--------+--------+--------+--------+--------+-----+--------+

Top non-repeatable levels by time:
    D:14: 2103 daAuts
    D:10: 2001 daAuts
   Orc:2: 1829 daAuts
  Lair:4: 1772 daAuts
     D:9: 1766 daAuts
  Lair:3: 1692 daAuts
  Lair:1: 1666 daAuts
     D:8: 1645 daAuts
    D:11: 1506 daAuts
    D:12: 1381 daAuts
     D:6: 1349 daAuts
 Snake:1: 1298 daAuts
  Lair:2: 1293 daAuts
  Lair:5: 1279 daAuts
     D:7: 1269 daAuts
